 Dungeon Crawl Stone Soup version 0.30-a0-728-gc68057be0a (webtiles) character file.

Game seed: 2134175966872682672

231 bande the Covered (level 6, -4/38 HPs)
             Began as a Gargoyle Fighter on Jan 31, 2023.
             Slain by an orc
             ... wielding a +0 trident
              (7 damage)
             ... on level 4 of the Dungeon.
             The game lasted 00:03:59 (2981 turns).

bande the Covered (Gargoyle Fighter)                Turns: 2981, Time: 00:04:00

Health: -4/38      AC: 15    Str: 19    XL:     6   Next: 4%
Magic:  6/6        EV:  9    Int:  9    God:
Gold:   154        SH:  4    Dex: 11    Spells: 5/5 levels left

rFire   . . .      SeeInvis +    a - +0 war axe
rCold   . . .      Faith    .    c - +0 buckler
rNeg    + . .      Spirit   .    j - +4 scale mail
rPois   ∞          Reflect  .    (no helmet)
rElec   +          Harm     .    (no cloak)
rCorr   .          Rampage  .    (no gloves)
Will    .....                    (no boots) Stlth
                                 (no amulet)
HPRegen 0.26/turn                k - ring of see invisible
MPRegen 0.10/turn                (no ring)

@: no status effects
A: sickness immunity, AC +4, negative energy resistance 1, electricity
resistance, torment resistance 1, petrification resistance
a: no special abilities


You were on level 4 of the Dungeon.
You visited 1 branch of the dungeon, and saw 4 of its levels.

You collected 154 gold pieces.

Inventory:

Hand Weapons
 a - a +0 war axe (weapon)
Armour
 c - a +0 buckler (worn)
 j - a +4 scale mail (worn)
Jewellery
 k - a ring of see invisible (left hand)
Scrolls
 b - 2 scrolls of teleportation {unknown}
 i - a scroll of fear {unknown}
 l - 2 scrolls of vulnerability {unknown}
 m - a scroll of identify {unknown}
 n - a scroll of blinking {unknown}
Potions
 d - a potion of might
 e - a potion of brilliance {unknown}
 f - 3 potions of attraction {unknown}
 g - 2 potions of curing {unknown}
 h - 2 potions of experience {unknown}


   Skills:
 + Level 4.0 Fighting
 + Level 4.0 Axes
 + Level 4.4 Armour
 + Level 4.1 Shields


You had 5 spell levels left.
You didn't know any spells.
Your spell library contained the following spells:

 Spells                   Type           Power      Damage    Failure   Level
 Sandblast                Erth           0%         2d4       83%         1
 Passwall                 Tmut/Erth      0%         N/A       93%         2
 Stone Arrow              Conj/Erth      0%         3d7       99%         3
 Animate Armour           Summ/Erth      0%         N/A       100%        4
 Lehudib's Crystal Spear  Conj/Erth      0%         10d2      100%        8


Dungeon Overview and Level Annotations

Branches:
Dungeon (4/15)
 Temple: D:4-7

Altars:


Innate Abilities, Weirdness & Mutations

You are immune to sickness and miasma.
Your stone body is resilient. (AC +4)
You are immune to poison.
You resist negative energy. (rN+)
You are resistant to electric shocks. (rElec)
You are resistant to unholy torment.
You are immune to petrification.


Message History

You are too injured to fight recklessly!
You slash the orc!
You kill the orc!
You miss the orc wizard. You block the orc's attack.
The orc wizard hits you but does no damage.
You barely miss the orc.
You hit the orc wizard but do no damage.
An orc comes into view.
It is wielding a +1 hand axe of flaming.
The orc hits you from afar with a +0 trident.
The orc wizard casts a spell at you. You resist with some effort.
The orc hits you but does no damage. The orc wizard barely misses you.
The orc hits you but does no damage. The orc barely misses you.
You slash the orc!
You kill the orc!
You hit the orc wizard.
The orc wizard hits you but does no damage.
The orc hits you from afar with a +0 trident.
* * * LOW HITPOINT WARNING * * *
You hit the orc wizard.
The orc wizard is almost dead.
You closely miss the orc. The orc hits you but does no damage. x2
You block the orc wizard's attack.
Unknown command.
You hit the orc wizard.
You kill the orc wizard!
You hit the orc. The orc barely misses you. x2
The orc hits you but does no damage.
Your Axes skill increases to level 4!
You have reached level 6!
You closely miss the orc.
The orc is severely wounded.
You hit the orc but do no damage.
The orc hits you with a +1 hand axe of flaming.
* * * LOW HITPOINT WARNING * * *
The orc burns you.
* * * LOW HITPOINT WARNING * * *
The orc hits you but does no damage.
The orc hits you from afar with a +0 trident!
You die...

#..††....#
#.#.#+####
#.#.#
#.#<# #
#.###.#
#.....#
#..####
#.(######
#@o......
#o#######
o.# #..#
#..# ...#
#... #...


You could see 3 orcs.

Vanquished Creatures
  A howler monkey (D:4)
  Jessica (D:3)
  2 orc wizards (D:4)
  3 adders (D:2)
  3 worms (D:3)
  3 dart slugs
  5 orcs (D:4)
  8 ball pythons
  10 bats
  4 endoplasms
  2 giant cockroaches
  6 hobgoblins
  4 jackals
  4 frilled lizards (D:1)
  6 goblins
  8 kobolds
  3 rats
73 creatures vanquished.

Notes
Turn   | Place    | Note
-------+----------+-------------------------------------------
     0 | D:1      | bande the Gargoyle Fighter began the quest for the Orb.
     0 | D:1      | Reached XP level 1. HP: 14/14 MP: 1/1
     7 | D:1      | Noticed a komodo dragon
     7 | D:1      | Noticed a scorpion
     8 | D:1      | Noticed a wyvern
     8 | D:1      | Noticed a salamander
    78 | D:1      | Reached XP level 2. HP: 19/19 MP: 2/2
   620 | D:2      | Reached XP level 3. HP: 17/23 MP: 3/3
   953 | D:2      | Identified the +8 quarterstaff "Nusoir" {heavy, rN+ MP+9
                  | Str-4}
  1264 | D:2      | Reached XP level 4. HP: 27/28 MP: 4/4
  2348 | D:3      | Noticed Jessica
  2354 | D:3      | Killed Jessica
  2355 | D:3      | Reached XP level 5. HP: 33/33 MP: 5/5
  2981 | D:4      | Reached XP level 6. HP: 11/38 MP: 6/6
  2981 | D:4      | Slain by an orc

Illustrated notes

Levels and vault maps discovered:
D:1:      onia_arrival_zoo_common, layout_loops_cross, hangedman_decor_lopped
D:2:      layout_basic, st_stairs_9, minmay_close_crescents
D:3:      layout_loops_ring, corexii_corridor_pit, grunt_decor_arrowhead,
          uniq_jessica
D:4:      cheibrodos_barr_body, layout_basic

Skill      XL: |  1  2  3  4  5 |
---------------+----------------+-----
Axes           | 2 3 4 |  4.0
Armour         | 4 |  4.4
Shields        | 4 |  4.1
Fighting       | 4 |  4.0

Action                     |  1- 3 |  4- 6 || total
---------------------------+-------+-------++-------
  Melee: War axe           |    97 |   141 ||   238
 Armour: Scale mail        |    58 |    97 ||   155
  Dodge: Dodged            |    63 |    94 ||   157
  Block: Buckler           |    23 |    34 ||    57

Table legend: (Time is in decaauts)
 A = Elapsed time spent in this place.
 B = Non-inter-level travel time spent in this place.
 C = Inter-level travel time spent in this place.
 D = Time resting spent in this place.
 E = Time spent auto-exploring this place.
 F = Levels seen in this place.
 G = Mean time per level.
                   A        B        C        D        E       F      G
               +--------+--------+--------+--------+--------+-----+--------+
         Total |   3077 |   2932 |    145 |    445 |   1919 |   4 |  769.2 |
       Dungeon |   3077 |   2932 |    145 |    445 |   1919 |   4 |  769.2 |
               +--------+--------+--------+--------+--------+-----+--------+

Top non-repeatable levels by time:
     D:2: 1346 daAuts
     D:3: 1044 daAuts
     D:1: 630 daAuts
     D:4: 55 daAuts
